AoeStats
← Charlemagne

MegaRandom

506655713Analyzed
4v4 RM · 18d ago on Sep 14, 2026· 45m 14s· 8 players
Game mode
Random Map
Map size
Large (8 player)
Population
200
Speed
Normal
Resources
Standard
Victory
Conquest
Starting age
Dark Age
Ending age
Imperial Age
RankedLock teamsTeams togetherTeam positionsShared explorationLock speedFull tech treeHidden civsTurbo modeCheats
Victory
Defeat
🇸🇪 Persians · Sweden
1048
+13
🇩🇪 Wei · Germany
1039
+13
🇵🇹 Britons · Portugal
1004
+15
🇳🇴 Jurchens · Norway
987
+16
🇨🇳 Huns · China
1007
-15
🇪🇸 Aztecs · Spain
981
-14
🇩🇪 Mongols · Germany
974
-14
🇧🇩 Persians · Bangladesh
967
-14
joia-numerica6
7:53 Loom
11:15 Feudal Age
17:55 Castle Age
16:20 Double-Bit Axe
22:48 Gold Mining
26:32 Fletching
28:15 Bodkin Arrow
30:11 Town Watch
31:07 Padded Archer Armor
31:34 Pikeman
37:35 Leather Archer Armor
40:53 Imperial Age
38:17 Horse Collar
40:05 Bow Saw
42:15 Wheelbarrow
41:58 Bracer
44:35 Chemistry
43:57 Ballistics
Nomad
9:04 Loom
11:43 Feudal Age
15:54 Castle Age
13:42 Horse Collar
13:47 Double-Bit Axe
14:08 Gold Mining
15:11 Wheelbarrow
15:45 Fletching
19:00 Bodkin Arrow
23:28 Padded Archer Armor
27:58 Bow Saw
28:39 Heavy Plow
31:30 Hand Cart
34:23 Gold Shaft Mining
33:38 Stone Mining
38:21 Imperial Age
38:09 Husbandry
38:20 Bloodlines
38:26 Forging
38:21 Scale Barding Armor
39:30 Ming Guang Armor
39:26 Conscription
38:32 Heavy Hei Guang Cavalry
39:52 Iron Casting
40:12 Chain Barding Armor
42:18 Blast Furnace
Warmommy
3:12 Loom
12:03 Feudal Age
12:30 Double-Bit Axe
13:22 Gold Mining
13:59 Fishing Lines
19:51 Horse Collar
20:59 Bloodlines
20:53 Stone Mining
23:58 Castle Age
22:01 Town Watch
23:18 Wheelbarrow
23:19 Forging
24:25 Scale Barding Armor
24:44 Husbandry
24:05 Light Cavalry
25:09 Bow Saw
25:28 Heavy Plow
28:09 Iron Casting
27:52 Hand Cart
36:07 Imperial Age
35:28 Chain Barding Armor
35:18 Fletching
36:27 Padded Archer Armor
35:59 Elite Skirmisher
36:46 Elite Steppe Lancer
39:13 Chemistry
38:19 Siege Engineers
39:22 Two-Man Saw
39:13 Plate Barding Armor
38:56 Gillnets
39:14 Town Patrol
41:52 Blast Furnace
41:01 Heavy Rocket Cart
41:03 Capped Ram
42:31 Caravan
42:23 Siege Ram
44:40 Elite Iron Pagoda
45:41 Conscription
45:25 Fortified Bastions
Wardaddy
11:59 Feudal Age
10:51 Loom
19:13 Castle Age
17:23 Double-Bit Axe
17:44 Horse Collar
19:54 Bloodlines
24:04 Husbandry
24:16 Bloodlines
27:18 Heavy Plow
28:06 Wheelbarrow
28:13 Bow Saw
28:17 Light Cavalry
28:58 Elite Skirmisher
29:32 Fletching
32:22 Hand Cart
34:07 Padded Archer Armor
35:34 Bodkin Arrow
35:53 Thumb Ring
37:26 Leather Archer Armor
37:17 Scale Barding Armor
38:31 Kamandaran
41:23 Imperial Age
38:14 Crossbowman
39:20 Ballistics
39:19 Thumb Ring
42:56 Ring Archer Armor
43:31 Conscription
45:01 Chemistry
44:25 Chain Barding Armor
Charlemagne
6:54 Loom
9:32 Feudal Age
19:25 Castle Age
22:12 Husbandry
22:23 Bloodlines
22:07 Fletching
22:44 Double-Bit Axe
25:58 Gold Mining
26:18 Bodkin Arrow
26:26 Horse Collar
26:58 Bow Saw
27:54 Padded Archer Armor
34:58 Wheelbarrow
35:36 Nomads
39:36 Imperial Age
37:27 Leather Archer Armor
40:02 Ballistics
41:06 Scale Barding Armor
41:12 Forging
41:03 Bracer
42:29 Chain Barding Armor
WhatDaFuq
11:57 Loom
HIT_007
1:40 Loom
11:22 Feudal Age
11:36 Horse Collar
12:47 Double-Bit Axe
23:08 Castle Age
25:10 Bloodlines
28:26 Gold Mining
29:58 Bow Saw
29:57 Heavy Plow
29:51 Stone Mining
38:01 Imperial Age
35:45 Husbandry
36:45 Gold Shaft Mining
37:26 Scale Barding Armor
39:14 Heavy Camel Rider
40:17 Chain Barding Armor
41:10 Forging
44:15 Iron Casting
45:57 Blast Furnace
zenghui
10:47 Feudal Age
9:05 Loom
15:14 Castle Age
13:20 Double-Bit Axe
14:12 Horse Collar
15:54 Bloodlines
19:01 Bow Saw
20:16 Wheelbarrow
21:58 Heavy Plow
24:04 Scale Barding Armor
26:11 Forging
26:14 Gold Mining
27:15 Hand Cart
28:07 Chain Barding Armor
28:17 Husbandry
29:17 Iron Casting
31:59 Gold Shaft Mining
33:16 Stone Mining
38:27 Imperial Age
37:27 Caravan
37:58 Coinage
37:21 Fletching
38:28 Cavalier
40:10 Two-Man Saw
39:48 Plate Barding Armor
40:17 Chemistry
39:15 Murder Holes
40:23 Blast Furnace
39:44 Paladin
42:14 Conscription
Connection lost

Rejoining the realm…

Still unreachable

The connection could not be restored.

Session expired

The server has moved on; the page needs a fresh start.